 Dungeon Crawl Stone Soup version 0.23.2-33-g5129a83184 (webtiles) character file.

Game seed: 18131885325525613174

155404 YoVRotEtogoKazino the Fencer (level 17, -8/163 HPs)
             Began as a Minotaur Berserker on May 27, 2019.
             Was the Champion of Trog.
             Mangled by an alligator snapping turtle (24 damage)
             ... on level 4 of the Shoals on July 25, 2019.
             The game lasted 01:59:10 (36948 turns).

YoVRotEtogoKazino the Fencer (Minotaur Berserker)  Turns: 36948, Time: 01:59:11

Health: -8/163     AC: 18    Str: 25    XL:     17   Next: 8%
Magic:  18/18      EV: 19    Int:  6    God:    Trog [******]
Gold:   1580       SH:  7    Dex: 12    Spells: 16/16 levels left

rFire    + + .     SeeInvis +   a - +8 double sword of Tenacity {holy, rN+}
rCold    x . .     Gourm    +   Q - +2 buckler {reflect}
rNeg     + . .     Faith    .   m - +5 scale mail of Juwnaef {rPois rC- MR+}
rPois    +         Spirit   .   (helmet restricted)
rElec    +         Reflect  +   Z - scarf {repulsion}
rCorr    +         Harm     .   y - +1 pair of gloves
MR       +++..                  (no boots)
Stlth    +.........             R - amulet of the gourmand
HPRegen  0.37/turn              U - ring "Wuhauchi" {rF+ SInv}
MPRegen  0.16/turn              h - ring "Fuekh" {rCorr rElec rF+ MR+}

@: berserk cooldown, slowed, repel missiles, very slow
A: retaliatory headbutt, horns 2
a: Berserk, Trog's Hand, Brothers in Arms, Renounce Religion


You were on level 4 of the Shoals.
You worshipped Trog.
Trog was exalted by your worship.
You were very full.

You visited 5 branches of the dungeon, and saw 28 of its levels.
You also visited: Ossuary and Ice Cave.

You collected 3704 gold pieces.
You spent 2124 gold pieces at shops.

Inventory:

Hand Weapons
 a - the +8 double sword of Tenacity (weapon) {holy, rN+}
   (You acquired it on level 1 of the Orcish Mines)

   It has been blessed by the Shining One to cause great damage to the undead
   and demons.
   It protects you from negative energy.
 b - a +3 scimitar of flaming
 I - a +5 vampiric great sword
 S - a +2 antimagic falchion
 T - the +10 great sword "Vobb" {flame, rF+ rC+}
   (You found it on level 3 of the Shoals)

   It has been specially enchanted to burn those struck by it, causing extra
   injury to most foes and up to half again as much damage against particularly
   susceptible opponents.
   Big, fiery blades are also staple armaments of hydra-hunters.
   It protects you from fire.
   It protects you from cold.
Missiles
 A - 12 throwing nets (quivered)
Armour
 m - the +5 scale mail of Juwnaef (worn) {rPois rC- MR+}
   (You found it on level 14 of the Dungeon)

   It makes you vulnerable to cold.
   It protects you from poison.
   It affects your resistance to hostile enchantments.
 r - cursed +0 ice dragon scales
 x - a +4 crystal plate armour
 y - a +1 pair of gloves (worn)
 N - +0 fire dragon scales
 Q - a +2 buckler of reflection (worn)
 Z - a scarf of repulsion (worn)
Jewellery
 d - an uncursed ring of protection from fire
 h - the ring "Fuekh" (right hand) {rCorr rElec rF+ MR+}
   (You bought it in a shop on level 4 of the Dungeon)

   [ring of resist corrosion]

   It protects you from fire.
   It insulates you from electricity.
   It affects your resistance to hostile enchantments.
 p - the ring of Pohu {Str+4 Int+5}
   (You acquired it on level 2 of the Shoals)

   [ring of intelligence]

   It affects your strength (+4).
   It affects your intelligence (+5).
 v - the ring of the Princess {rF+ MR+ MP+9 Str-4 Stlth+}
   (You bought it in a shop on level 2 of the Orcish Mines)

   [ring of magical power]

   It affects your strength (-4).
   It protects you from fire.
   It affects your resistance to hostile enchantments.
   It affects your magic capacity (+9).
   It makes you more stealthy.
 C - an uncursed ring of protection from magic
 J - an uncursed ring of flight
 O - an uncursed ring of protection from cold
 R - an amulet of the gourmand (around neck)
 U - the ring "Wuhauchi" (left hand) {rF+ SInv}
   (You found it on level 3 of the Shoals)

   [ring of see invisible]

   It protects you from fire.
   It lets you see invisible.
 V - an uncursed ring of protection from cold
 W - an uncursed ring of see invisible
 X - an uncursed ring of protection from magic
Wands
 g - a wand of clouds (11)
 i - a wand of iceblast (13)
 z - a wand of acid (3)
 D - a wand of digging (18)
 G - a wand of disintegration (12)
 P - a wand of paralysis (14)
Scrolls
 e - 5 scrolls of blinking
 f - 8 scrolls of remove curse
 k - 10 scrolls of teleportation
 l - 2 scrolls of magic mapping
 u - 2 scrolls of enchant armour
 F - 2 scrolls of holy word
 H - 3 scrolls of fog
 M - 3 scrolls of identify
Potions
 j - 5 potions of agility
 n - 7 potions of heal wounds
 o - 3 potions of flight
 q - 3 potions of haste
 s - 5 potions of curing
 t - a potion of invisibility
 w - 2 potions of cancellation
 B - 2 potions of ambrosia
 E - 9 potions of might
 L - 4 potions of berserk rage
 Y - a potion of lignification
Comestibles
 c - 29 rations
 K - a chunk of flesh


   Skills:
 + Level 17.6 Fighting
 + Level 17.7 Long Blades
 + Level 17.5 Armour
 + Level 16.2 Dodging
 + Level 3.6 Stealth
 + Level 4.9 Shields
 + Level 3.5 Evocations


You had 16 spell levels left.
You didn't know any spells.
Your spell library contained the following spells:

 Spells                   Type           Power        Failure   Level  Hunger
 Animate Skeleton         Necr           N/A          65%         1    ##.....
 Pain                     Necr           #...         65%         1    ##.....
 Regeneration             Chrm/Necr      #.........   95%         3    ####...
 Vampiric Draining        Necr           #.........   95%         3    ####...
 Animate Dead             Necr           N/A          100%        4    #####..


Dungeon Overview and Level Annotations

Branches:
Dungeon (15/15)            Temple (1/1) D:5            Lair (6/6) D:10
 Shoals (4/4) Lair:4       Spider (0/4) Lair:4        Slime (0/5) Lair:6
    Orc (2/2) D:10            Elf (0/3) Orc:2        Vaults (0/5) D:13
 Depths (0/5) D:15

Altars:
Ashenzari
Cheibriados
Dithmenos
Elyvilon
Fedhas
Gozag
Hepliaklqana
Kikubaaqudgha
Makhleb
Nemelex Xobeh
Okawaru
Qazlal
Ru
Sif Muna
Trog
Uskayaw
Vehumet
Wu Jian
Xom
Yredelemnul
Zin
The Shining One
Beogh

Shops:
D:4 =*[*   D:11 *   D:14 *   Orc:1 [   Orc:2 %*%=*(   Shoals:3 !

Portals:
Hell: Lair:6

Annotations:
Shoals:2 1 runed translucent door
Shoals:4 Polyphemus


Innate Abilities, Weirdness & Mutations

You reflexively headbutt those who attack you in melee.
You have a pair of horns on your head.


Message History

The wind drake is severely wounded.
The alligator snapping turtle bites you.
The snapping turtle bites you but does no damage.
You cut Polyphemus into ribbons!!!
Polyphemus is moderately wounded.
The alligator snapping turtle bites you!!
Polyphemus closely misses you. You furiously retaliate!
You headbutt Polyphemus!
You riposte.
You hit Polyphemus.
Polyphemus is moderately wounded.
Polyphemus hits you!
* * * LOW HITPOINT WARNING * * *
You block the snapping turtle's attack.
You slice Polyphemus!!
Polyphemus is heavily wounded.
You block Polyphemus's attack. Polyphemus hits you!!
* * * LOW HITPOINT WARNING * * *
The snapping turtle bites you from afar!
* * * LOW HITPOINT WARNING * * *
The alligator snapping turtle bites you!!
You die... #..≈≈≈ #≈≈≈≈≈≈ .# #### ≈≈≈≈P≈≈ ..≈#.#≈#≈P≈≈≈≈≈ .....≈≈≈≈≈≈≈P≈≈ .....≈≈≈≈≈≈≈≈≈≈ ...kY.tk≈≈≈≈≈≈≈ #tC≈≈PPP≈

#######@.≈≈≈P≈≈
##.#≈≈..#≈.≈≈≈≈≈
#...≈..†##.≈≈≈≈≈≈.
##.#)#..#≈..≈P....
#≈.|.≈.##.....P...
##.#.#.###...P.....
#...≈...#..........
##.≈#..)#≈........#
#######..........#


You could see Polyphemus, an alligator snapping turtle, a snapping turtle and a
wind drake.

Vanquished Creatures
  The ghost of Yloxept the Severer, an adept MiFi (Shoals:3)
  A kraken (Shoals:3)
  A storm dragon (D:14)
  Louise (D:15)
  The ghost of shugdite the Warrior, a journeyman MiMo of Okawaru (D:14)
  An orc warlord (Orc:1)
  Nessos (D:13)
  A minotaur (D:11)
  3 dire elephants (Lair:6)
  Snorg (Lair:5)
  Josephine (D:15)
  A fire dragon (D:14)
  2 merfolk impalers
  A yaktaur captain (D:15)
  Fannar (Orc:1)
  A hydra (shapeshifter) (D:14)
  3 hydras
  Harold (D:7)
  A merfolk avatar (Shoals:1)
  4 catoblepae
  2 ice dragons (IceCv)
  The ghost of Borgoz the Fighter, a journeyman GrGl of Ashenzari (D:11)
  5 two-headed ogres
  2 satyrs (Shoals:3)
  11 centaur warriors
  A merfolk aquamancer (Shoals:3)
  A tengu warrior (D:14)
  3 death yaks (Shoals:4)
  5 orc high priests
  Nergalle (Lair:3)
  6 slime creatures
  A fire crab (shapeshifter) (D:14)
  A sixfirhy (Lair:6)
  A wizard (Lair:6)
  2 unseen horrors
  7 sea snakes
  14 harpies
  Pikel (D:5)
  10 orc knights
  2 wolf spider zombies (D:15)
  A wolf spider (D:11)
  2 deep elf magi (D:15)
  6 orc sorcerers
  23 ugly things
  9 cyclopes
  6 fauns
  6 merfolk sirens
  12 manticores
  10 black mambas
  3 water nymphs
  4 orange demons (Lair:6)
  2 ice statues (IceCv)
  A smoke demon (Lair:6)
  11 spiny frogs
  8 komodo dragons
  2 kobold demonologists (D:15)
  9 rime drakes
  An efreet (D:11)
  A redback zombie (D:14)
  2 tengu conjurers (D:14)
  2 ice devils (Lair:6)
  12 trolls
  Grinder (D:6)
  24 merfolk
  Prince Ribbit (D:7)
  6 wind drakes
  9 blink frogs
  3 polar bears
  A blink frog (shapeshifter) (D:14)
  9 snapping turtles
  19 hippogriffs
  A centaur simulacrum (D:15)
  A redback (Lair:4)
  2 shadows
  4 vampires
  7 wraiths
  16 wyverns
  8 water elementals
  4 basilisks
  37 yaks
  A steam dragon (D:11)
  3 hungry ghosts
  6 wargs
  3 acid dragons
  6 water moccasins
  4 hell hounds (Lair:6)
  5 porcupines
  32 orc warriors
  18 ice beasts
  4 sky beasts
  4 slaves (D:5)
  An eye of draining (D:15)
  2 black bears
  19 ogres
  3 phantoms
  4 wolves (Lair:6)
  21 centaurs
  15 crocodiles
  4 big kobolds
  24 bullfrogs
  4 wyvern skeletons
  5 scorpions
  14 killer bees
  11 wights
  5 howler monkeys
  2 bullfrog zombies
  9 crimson imps
  8 hounds
  3 centaur zombies
  6 bullfrog skeletons
  17 jellies
  3 quasits
  25 orc priests
  37 orc wizards
  Crazy Yiuf (D:4)
  6 centaur skeletons
  2 iguanas
  Natasha (thrice) (D:3)
  8 worker ants
  7 hell rats (Lair:3)
  A big kobold zombie (Ossuary)
  A hound zombie (D:11)
  3 hound skeletons
  8 mummies (Ossuary)
  3 worker ant zombies
  A howler monkey skeleton (D:8)
  13 adders
  3 gnolls
  A shadow imp (D:11)
  2 oozes
  An adder zombie (D:7)
  3 adder skeletons
  4 worms
  4 dart slugs
  4 leopard geckos
  95 orcs
  11 bats
  8 giant cockroaches
  2 gnoll zombies (Ossuary)
  6 goblins
  7 hobgoblins
  8 jackals
  9 quokkas
  A ball python (D:3)
  2 frilled lizards
  A hobgoblin zombie (Ossuary)
  A jackal zombie (D:8)
  19 kobolds
  2 kobold zombies (Ossuary)
  A leopard gecko zombie (D:8)
  2 orc zombies (Ossuary)
  A quokka zombie (D:7)
  8 rats
  A fungus (Lair:6)
  A plant (Shoals:2)
  3 tentacles (Shoals:3)
987 creatures vanquished.

Vanquished Creatures (collateral kills)
  A skeletal warrior (D:9)
1 creature vanquished.

Vanquished Creatures (others)
  20 plants
  8 tentacles (Shoals:3)
28 creatures vanquished.

Grand Total: 1016 creatures vanquished

Notes
Turn   | Place    | Note
-------+----------+-------------------------------------------
     0 | D:1      | YoVRotEtogoKazino the Minotaur Berserker began the quest
                  | for the Orb.
     0 | D:1      | Reached XP level 1. HP: 19/19 MP: 0/0
    83 | D:1      | Reached XP level 2. HP: 27/27 MP: 1/1
   686 | D:2      | Reached ** piety under Trog
   686 | D:2      | Reached XP level 3. HP: 26/33 MP: 2/2
  1148 | D:3      | Noticed Natasha
  1154 | D:3      | Reached XP level 4. HP: 39/40 MP: 3/3
  1167 | D:3      | Killed Natasha
  1531 | D:3      | Found an ancient bone altar of Kikubaaqudgha.
  1679 | D:3      | Noticed Natasha
  1686 | D:3      | Killed Natasha
  1686 | D:3      | Reached *** piety under Trog
  1686 | D:3      | Reached XP level 5. HP: 24/47 MP: 4/4
  1851 | D:3      | Noticed Natasha
  1855 | D:3      | Killed Natasha
  2063 | D:4      | Noticed an ogre
  2075 | D:4      | Killed an ogre
  2075 | D:4      | Reached skill level 5 in Fighting
  2075 | D:4      | Reached skill level 5 in Long Blades
  2075 | D:4      | Reached XP level 6. HP: 36/56 MP: 5/5
  2234 | D:4      | Found a glowing silver altar of Zin.
  2234 | D:4      | Noticed an angel
  2463 | D:4      | Found Voato's Armour Shoppe.
  2471 | D:4      | Found Roant's General Store.
  2532 | D:4      | Found Iwimoxil's Jewellery Boutique.
  2821 | D:4      | Found an opulent altar of Gozag.
  2821 | D:4      | Found Gozag's Platinum Reserve.
  2858 | D:4      | Reached skill level 5 in Armour
  2858 | D:4      | Reached XP level 7. HP: 62/62 MP: 6/6
  3172 | D:4      | Reached skill level 5 in Dodging
  3326 | D:4      | Found a runed translucent door.
  3327 | D:4      | Noticed Crazy Yiuf
  3432 | D:4      | Killed Crazy Yiuf
  3487 | D:5      | Entered Level 5 of the Dungeon
  3825 | D:5      | Reached **** piety under Trog
  3835 | D:4      | Reached XP level 8. HP: 53/71 MP: 7/7
  4651 | D:5      | Found a staircase to the Ecumenical Temple.
  4656 | Temple   | Entered the Ecumenical Temple
  5012 | D:6      | Noticed Pikel
  5113 | D:5      | Killed Pikel
  5113 | D:5      | Reached XP level 9. HP: 59/81 MP: 8/8
  5281 | D:6      | Noticed Grinder
  5288 | D:6      | Killed Grinder
  5534 | D:6      | Noticed a two-headed ogre
  5540 | D:6      | Killed a two-headed ogre
  5811 | D:6      | Noticed a troll
  5816 | D:6      | Killed a troll
  6093 | D:7      | Noticed Harold
  6337 | D:7      | Noticed Prince Ribbit
  6343 | D:7      | Killed Prince Ribbit
  6343 | D:7      | Reached XP level 10. HP: 91/91 MP: 9/9
  6350 | D:7      | Killed Harold
  6372 | D:7      | Reached ***** piety under Trog
  6705 | D:7      | Found a sacrificial altar of Ru.
  6907 | D:7      | Reached skill level 10 in Long Blades
  6926 | D:7      | Reached skill level 10 in Fighting
  7155 | D:8      | Found a sand-covered staircase.
  7186 | Ossuary  | Entered an ossuary
  7491 | D:8      | Noticed a two-headed ogre
  7501 | D:8      | Killed a two-headed ogre
  7501 | D:8      | Reached skill level 10 in Armour
  7626 | D:8      | Found a hide-covered altar of Uskayaw.
  7627 | D:8      | Found a deep blue altar of Sif Muna.
  8430 | D:9      | Found a snail-covered altar of Cheibriados.
  8431 | D:9      | Found a shimmering altar of Xom.
  8432 | D:9      | Found a blossoming altar of Fedhas.
  8513 | D:9      | Noticed a five-headed hydra
  8537 | D:9      | Received a gift from Trog
  8597 | D:9      | Noticed a centaur warrior
  8637 | D:9      | Reached XP level 11. HP: 70/101 MP: 10/10
  8784 | D:9      | Noticed a skeletal warrior
  9382 | D:9      | Killed a centaur warrior
  9603 | D:10     | Entered Level 10 of the Dungeon
  9897 | D:10     | Found a staircase to the Lair.
  9900 | D:10     | Reached skill level 10 in Dodging
 10230 | D:9      | Identified a scroll of acquirement
 10262 | D:9      | Killed a skeletal warrior
 10815 | D:4      | Bought the ring "Fuekh" {rCorr rElec rF+ MR+} for 559 gold
                  | pieces
 10924 | D:9      | Killed a five-headed hydra
 11373 | D:10     | Found a staircase to the Orcish Mines.
 12135 | D:11     | Found Getosain's Assorted Antiques.
 12236 | D:11     | Found a runed translucent gate.
 12236 | D:11     | Found a runed translucent gate.
 12236 | D:11     | Found a runed translucent gate.
 12239 | D:11     | Noticed a green ugly thing
 12525 | D:11     | Noticed a minotaur
 12525 | D:11     | Noticed Borgoz's ghost (journeyman GrGl)
 12557 | D:11     | Reached ****** piety under Trog
 12582 | D:11     | Reached XP level 12. HP: 85/112 MP: 11/11
 12739 | D:11     | Noticed a centaur warrior
 12748 | D:11     | Killed a centaur warrior
 12949 | D:11     | Noticed a centaur warrior
 12955 | D:11     | Killed a centaur warrior
 14184 | D:13     | Noticed Nessos
 14219 | Lair:1   | Entered Level 1 of the Lair of Beasts
 14734 | Lair:1   | You fall through a shaft!
 15289 | Lair:2   | Received a gift from Trog
 15322 | Lair:2   | Noticed a four-headed hydra
 15329 | Lair:2   | Killed a one-headed hydra
 15804 | Lair:2   | Reached XP level 13. HP: 115/122 MP: 12/12
 16181 | Lair:3   | Noticed Nergalle
 16193 | Lair:3   | Killed Nergalle
 16847 | Lair:4   | Found a staircase to the Shoals.
 17296 | Lair:4   | Found a hole to the Spider Nest.
 17410 | Lair:4   | You fall through a shaft!
 17841 | Lair:5   | Noticed Snorg
 17852 | Lair:5   | Killed Snorg
 18609 | Lair:6   | Entered Level 6 of the Lair of Beasts
 18755 | Lair:6   | Received a gift from Trog
 19018 | Lair:6   | Found a staircase to the Slime Pits.
 20052 | Lair:6   | Noticed a dire elephant
 20067 | Lair:6   | Killed a dire elephant
 20209 | Lair:6   | Noticed a dire elephant
 20222 | Lair:6   | Killed a dire elephant
 20240 | Lair:6   | Noticed a dire elephant
 20251 | Lair:6   | Killed a dire elephant
 20424 | Lair:6   | Reached XP level 14. HP: 91/133 MP: 13/13
 20587 | Lair:6   | Found a burning altar of Makhleb.
 20768 | Lair:6   | Found a gateway to Hell.
 21224 | D:11     | Killed Borgoz's ghost
 21462 | D:13     | Found a gate to the Vaults.
 21686 | D:13     | Received a gift from Trog
 21771 | D:13     | Reached skill level 15 in Fighting
 22036 | D:13     | Reached skill level 15 in Long Blades
 22362 | D:14     | Found a white marble altar of Elyvilon.
 22388 | D:14     | Reached skill level 15 in Armour
 22775 | D:13     | Killed Nessos
 23130 | D:14     | Received a gift from Trog
 23472 | D:14     | Got a twisted scale mail
 23473 | D:14     | Identified the +5 scale mail of Juwnaef {rPois rC- MR+}
                  | (You found it on level 14 of the Dungeon)
 23514 | D:14     | Found Odaxanorih's General Store.
 23517 | D:14     | Bought a scroll of teleportation for 39 gold pieces
 23547 | D:14     | Noticed shugdite's ghost (journeyman MiMo)
 23548 | D:14     | Found a runed translucent gate.
 23548 | D:14     | Found a runed translucent gate.
 23548 | D:14     | Found a runed translucent gate.
 23549 | D:14     | Noticed a storm dragon
 23803 | D:15     | Entered Level 15 of the Dungeon
 23817 | D:15     | Noticed Josephine
 23823 | D:15     | Killed Josephine
 23823 | D:15     | Reached XP level 15. HP: 143/143 MP: 14/14
 24296 | D:15     | Found a burning altar of Makhleb.
 24393 | D:15     | Noticed Louise
 24449 | D:15     | Killed Louise
 24789 | D:15     | Found a staircase to the Depths.
 25023 | D:15     | Received a gift from Trog
 25183 | D:15     | Reached skill level 15 in Dodging
 25888 | D:14     | Killed shugdite's ghost
 25897 | D:14     | Killed a storm dragon
 26370 | Orc:1    | Entered Level 1 of the Orcish Mines
 26370 | Orc:1    | Found Tigaeh's Armour Emporium.
 26522 | Orc:1    | Noticed Fannar
 26550 | Orc:1    | Killed Fannar
 26773 | Orc:1    | Found a roughly hewn altar of Beogh.
 26773 | Orc:1    | Found a transporter.
 26773 | Orc:1    | Noticed an orc warlord
 26918 | Orc:2    | Entered Level 2 of the Orcish Mines
 26918 | Orc:2    | Found Dubruzic's Weapon Boutique.
 27092 | Orc:2    | Found a roughly hewn altar of Beogh.
 27102 | Orc:2    | Found a staircase to the Elven Halls.
 27102 | Orc:2    | Found Majiv's Assorted Antiques.
 27115 | Orc:2    | Bought a potion of might for 144 gold pieces
 27115 | Orc:2    | Bought a scroll of blinking for 270 gold pieces
 27115 | Orc:2    | Bought a scroll of teleportation for 108 gold pieces
 27115 | Orc:2    | Found a frozen archway.
 27129 | IceCv    | Entered an ice cave
 27245 | IceCv    | Received a gift from Trog
 28672 | Orc:2    | Found Taly's Jewellery Emporium.
 29108 | Orc:2    | Reached XP level 16. HP: 142/154 MP: 15/15
 29329 | Orc:1    | Received a gift from Trog
 29927 | Orc:1    | You fall through a shaft!
 29993 | Orc:1    | Found a transporter.
 30476 | Orc:2    | Found Pylius's Food Emporium.
 30483 | Orc:2    | Found Niwufuf's Food Shop.
 30489 | Orc:2    | Found Tunyxain's General Store.
 30518 | Orc:2    | Bought the ring of the Princess {rF+ MR+ MP+9 Str-4 Stlth+}
                  | for 510 gold pieces
 30550 | Orc:2    | Upgraded the game from 0.23.2-1-ga50397a to
                  | 0.23.2-11-gf996548c65
 30550 | Orc:2    | Upgraded the game from 0.23.2-11-gf996548c65 to
                  | 0.23.2-33-g5129a83184
 30566 | Orc:1    | Got an iridescent double sword
 30567 | Orc:1    | Identified the +8 double sword of Tenacity {holy, rN+} (You
                  | acquired it on level 1 of the Orcish Mines)
 30699 | Shoals:1 | Entered Level 1 of the Shoals
 31014 | Shoals:1 | Reached skill level 1 in Shields
 31419 | Shoals:1 | Reached skill level 1 in Evocations
 31467 | Shoals:1 | Reached skill level 1 in Stealth
 32434 | Shoals:1 | Received a gift from Trog
 32876 | Shoals:2 | Found a runed translucent door.
 33381 | Shoals:2 | Got a coiled marble ring
 33382 | Shoals:2 | Identified the ring of Pohu {Str+4 Int+5} (You acquired it
                  | on level 2 of the Shoals)
 35125 | Shoals:3 | Found a runed translucent gate.
 35125 | Shoals:3 | Found a runed translucent gate.
 35126 | Shoals:3 | Found a runed translucent gate.
 35126 | Shoals:3 | Noticed Yloxept's ghost (adept MiFi)
 35126 | Shoals:3 | Noticed a kraken
 35440 | Shoals:3 | Received a gift from Trog
 35700 | Shoals:3 | Killed Yloxept's ghost
 36035 | Shoals:3 | Killed a kraken
 36037 | Shoals:3 | Got a fine great sword
 36040 | Shoals:3 | Got a bound glass ring
 36046 | Shoals:3 | Identified the +10 great sword "Vobb" {flame, rF+ rC+} (You
                  | found it on level 3 of the Shoals)
 36047 | Shoals:3 | Identified the ring "Wuhauchi" {rF+ SInv} (You found it on
                  | level 3 of the Shoals)
 36491 | Shoals:3 | Reached XP level 17. HP: 162/162 MP: 18/18
 36536 | Shoals:3 | Found Nihulywn's Distillery.
 36545 | Shoals:3 | Bought a potion of heal wounds for 95 gold pieces
 36545 | Shoals:3 | Bought a potion of might for 76 gold pieces
 36545 | Shoals:3 | Bought a potion of heal wounds for 95 gold pieces
 36545 | Shoals:3 | Bought a potion of agility for 76 gold pieces
 36545 | Shoals:3 | Bought a potion of ambrosia for 152 gold pieces
 36698 | Shoals:4 | Entered Level 4 of the Shoals
 36923 | Shoals:4 | Noticed Polyphemus
 36948 | Shoals:4 | Mangled by an alligator snapping turtle

Skill      XL: |  1  2  3  4  5  6  7  8  9 10 11 12 13 14 15 16 |
---------------+-------------------------------------------------+-----
Long Blades    | 4 5 6 8 9 10 12 13 14 15 16 17 | 17.7
Fighting       | 4 5 6 8 9 10 12 13 14 15 16 17 | 17.6
Armour         | 3 4 5 6 7 9 10 11 13 14 15 16 17 | 17.5
Dodging        | 3 4 5 6 8 9 11 12 13 14 15 16 | 16.2
Shields        | 4 |  4.9
Evocations     | 3 |  3.5
Stealth        | 3 |  3.6

Action                   |  1- 3 |  4- 6 |  7- 9 | 10-12 | 13-15 | 16-18 || total
-------------------------+-------+-------+-------+-------+-------+-------++-------
Melee: Falchion          |    90 |    65 |       |       |       |       ||   155
       Headbutt          |    17 |    17 |    30 |   183 |   353 |   154 ||   754
       Great sword       |       |    55 |   155 |   649 |   852 |       ||  1711
       Scimitar          |       |       |       |     7 |    96 |       ||   103
       Triple sword      |       |       |       |       |   304 |   117 ||   421
       Double sword      |       |       |       |       |       |   492 ||   492
Throw: Throwing net      |       |       |       |     2 |     1 |       ||     3
Invok: Berserk           |       |     3 |     3 |     6 |    15 |     5 ||    32
       Trog's Hand       |       |       |       |     1 |    10 |     3 ||    14
Evoke: Wand              |       |       |       |    15 |     1 |       ||    16
  Use: Scroll            |       |     1 |    10 |    19 |    13 |     8 ||    51
       Potion            |       |       |       |     2 |     7 |       ||     9
 Stab: Held in net/web   |       |       |       |     3 |       |       ||     3
       Distracted        |       |       |       |       |     1 |       ||     1
  Eat: Chunk             |       |     9 |    13 |    32 |    55 |    31 ||   140
       Ration            |       |       |       |     3 |     5 |       ||     8
Armor: Ring mail         |    39 |    42 |       |       |       |       ||    81
       Animal skin       |     5 |       |       |       |       |       ||     5
       Scale mail        |       |     2 |    74 |    21 |       |   148 ||   245
       Plate armour      |       |       |       |    52 |       |       ||    52
       Chain mail        |       |       |       |   113 |       |       ||   113
       Crystal plate arm |       |       |       |   336 |  1148 |    97 ||  1581
Dodge: Dodged            |    87 |   103 |   134 |   445 |   777 |   444 ||  1990
       Deflected         |       |       |       |       |       |    40 ||    40
Block: Buckler           |       |       |       |       |       |   146 ||   146
       Reflection        |       |       |       |       |       |    18 ||    18
       Rpst.: Falchion   |    26 |     9 |       |       |       |       ||    35
       Great sword       |       |    11 |    26 |   126 |   131 |       ||   294
       Scimitar          |       |       |       |       |     7 |       ||     7
       Triple sword      |       |       |       |       |    68 |    10 ||    78
       Double sword      |       |       |       |       |       |    60 ||    60
